 Dungeon Crawl Stone Soup version 0.18-b1-22-ge198996 (webtiles) character file.

32480 Wooh the Bludgeoner (level 13, -3/154 HPs)
             Began as an Ogre Gladiator on May 3, 2016.
             Was a High Priest of the Shining One.
             Impaled on a porcupine's spines (6 damage)
             ... on level 5 of the Lair of Beasts.
             The game lasted 01:02:47 (16935 turns).

Wooh the Bludgeoner (Ogre Gladiator)               Turns: 16935, Time: 01:02:47

Health: -3/154     AC:  6    Str: 29    XL:     13   Next: 64%
Magic:  14/18      EV: 19    Int:  7    God:    the Shining One [*****.]
Gold:   1069       SH: 11    Dex: 10    Spells: 0 memorised, 12 levels left

rFire  . . .     SeeInvis .     F - +0 giant club
rCold  . . .     Gourm    .     I - steam dragon hide
rNeg   + + .     Faith    .     (shield currently unavailable)
rPois  +         Spirit   .     c - +0 hat
rElec  .         Dismiss  .     y - +0 cloak
rCorr  .         Reflect  +     (gloves unavailable)
SustAt .         Harm     .     (boots unavailable)
MR     +....                    M - +3 amulet of reflection
Stlth  +.........               O - +6 ring of evasion
                                h - ring of poison resistance

@: lethally poisoned (-3 -> -4), divine shield, very slightly contaminated,
glowing, somewhat resistant to hostile enchantments, very unstealthy
A: unfitting armour, molten scales 1, rugged brown scales 1, strong 1, tough
skin 1
a: Divine Shield, Cleansing Flame, Summon Divine Warrior, Renounce Religion


You were on level 5 of the Lair of Beasts.
You worshipped the Shining One.
The Shining One was extremely pleased with you.
You were not hungry.

You visited 4 branches of the dungeon, and saw 19 of its levels.
You also visited: Sewer.

You collected 1069 gold pieces.

Inventory:

Hand Weapons
 t - a +2 flail of protection
 F - a +0 giant club (weapon)
 V - a +0 giant spiked club
Missiles
 d - a throwing net (quivered)
Armour
 c - a +0 hat (worn)
 y - a +0 cloak (worn)
 I - a steam dragon hide (worn)
Jewellery
 h - a ring of poison resistance (left hand)
 M - a +3 amulet of reflection (around neck)
 N - an uncursed ring of protection from cold
 O - a +6 ring of evasion (right hand)
 R - an uncursed ring of positive energy
Wands
 g - a wand of lightning (8/15)
 D - a wand of polymorph (10/24)
 P - a wand of disintegration (0/24)
 Q - a wand of paralysis (19/24)
Scrolls
 j - a scroll of fear {unknown}
 m - 5 scrolls of teleportation
 o - a scroll of immolation {unknown}
 p - 6 scrolls of remove curse
 u - 2 scrolls of enchant armour {unknown}
 v - 2 scrolls of blinking
 w - 2 scrolls of recharging {unknown}
 x - a scroll of magic mapping {unknown}
 z - a scroll of enchant weapon {unknown}
 B - 2 scrolls of fog {unknown}
 C - a scroll of torment {unknown}
 H - a scroll of identify
 T - a scroll of vulnerability {unknown}
Potions
 a - a potion of haste {unknown}
 b - 2 potions of brilliance {unknown}
 e - a potion of mutation {unknown}
 i - 7 potions of flight
 l - a potion of cancellation {unknown}
 n - 6 potions of curing
 r - a potion of berserk rage
 s - a potion of ambrosia {unknown}
 J - 2 potions of cure mutation {unknown}
 K - 2 potions of agility {unknown}
 U - a potion of resistance
 W - 2 potions of heal wounds
Books
 A - a book of Air

   Spells                             Type                      Level
   a - Shock                          Conjuration/Air              1
   b - Swiftness                      Charms/Air                   2
   c - Repel Missiles                 Charms/Air                   2
   d - Static Discharge               Conjuration/Air              3
   e - Lightning Bolt                 Conjuration/Air              5
Miscellaneous
 X - a phial of floods
Comestibles
 f - 9 bread rations
 k - 4 slices of pizza
 q - 5 meat rations
 E - 3 chunks of flesh
 G - 12 fruits
 S - 8 beef jerkies


   Skills:
 + Level 15.5 Fighting
 - Level 18.2 Maces & Flails
 - Level 2.0 Throwing
 - Level 10.3 Dodging
 - Level 7.0 Invocations


You had 12 spell levels left.
You didn't know any spells.

Dungeon Overview and Level Annotations

Branches:
Dungeon (12/15)            Temple (1/1) D:6            Lair (5/8) D:11
 Shoals (0/4) Lair:3        Snake (0/4) Lair:3          Orc (1/2) D:11

Altars:
Cheibriados
Dithmenos
Fedhas
Gozag
Makhleb
Xom
Yredelemnul
Zin
The Shining One

Shops:
D:4 *

Annotations:
Lair:5 Rupert


Innate Abilities, Weirdness & Mutations

You are too large for most types of armour.
You have tough skin (AC +1).
You are partially covered in molten scales (AC +1).
You are partially covered in rugged brown scales (AC +1, +3% HP).
Your muscles are strong. (Str +2)


Message History

Throwing (i - inventory. (,) - cycle):
L - a large rock (quivered)
Press: ? - help, Shift-Dir - straight line, f - Rupert
Aim: Rupert, wielding a great sword of freezing and wearing a shiny chain mail (heavily wounded, slow, unusually resistant, haloed)
You throw a large rock. The large rock barely misses Rupert.
You feel sick.
Rupert is no longer unusually resistant.
Something bites the fungus.
The fungus is destroyed!
You block the porcupine's attack.
You are struck by the porcupine's spines.
* * * LOW HITPOINT WARNING * * *
You hit the porcupine.
The porcupine is lightly wounded.
You block the porcupine's attack.
You are struck by the porcupine's spines.
* * * LOW HITPOINT WARNING * * *
You barely miss the porcupine.
The porcupine is lightly wounded.
The porcupine closely misses you.
You are struck by the porcupine's spines.
You die...

.....##.......#.#.....
...8. ##...#.#........
.... #....P..........
.8... #...............
.....##.....#.........
#.....##..r(#P@#r.#...
.......#.@..##........
....(..##r............
#(..@.............
.(......#.............
....##.$##............
... #...#............
. ..>..............
.#...#...#...#.##.
..###.#..####.### #+
..


You could see Rupert and 2 porcupines.

Vanquished Creatures
  Erolcha (D:11)
  3 hydras
  2 hill giants (D:10)
  A necromancer (Lair:3)
  An ugly thing (D:11)
  2 sirens (Lair:3)
  9 elephants
  A centaur zombie (D:9)
  2 molten gargoyles (D:11)
  6 spiny frogs
  A torpor snail (Lair:4)
  6 komodo dragons
  A kobold demonologist (D:11)
  5 trolls
  Prince Ribbit (D:9)
  A two-headed ogre (D:9)
  8 blink frogs
  Sigmund (D:2)
  25 yaks
  A wraith (D:11)
  A shadow (D:11)
  2 wyverns
  6 hippogriffs
  2 basilisks
  A hungry ghost (D:10)
  2 steam dragons
  5 nagas (Lair:3)
  A mottled dragon (D:11)
  Menkaure (D:6)
  11 water moccasins
  5 porcupines
  3 ice beasts
  7 orc warriors
  3 sky beasts
  A black bear (D:7)
  7 ogres
  3 centaurs
  9 wolves (Lair:3)
  9 crocodiles
  3 big kobolds
  A gnoll sergeant (D:6)
  11 giant frogs
  A water moccasin zombie (D:10)
  A wyvern zombie (D:9)
  4 scorpions
  6 killer bees
  A water moccasin skeleton (D:6)
  5 electric eels (Lair:3)
  2 howler monkeys
  7 wights
  5 crimson imps
  A basilisk zombie (Lair:3)
  5 lava snakes (D:11)
  2 giant frog skeletons
  3 jellies
  8 hounds
  14 orc wizards
  An iron imp (D:5)
  7 orc priests
  5 centaur skeletons
  4 iguanas
  5 worker ants
  A crocodile zombie (Lair:3)
  A hound zombie (D:6)
  2 hound skeletons
  2 worker ant zombies
  A howler monkey skeleton (D:4)
  14 adders
  9 gnolls
  32 river rats
  A white imp (D:5)
  An ooze (D:3)
  2 adder skeletons
  An adder zombie (D:2)
  2 worms
  5 dart slugs
  6 giant geckos
  29 orcs
  A bat skeleton (D:2)
  3 giant cockroaches
  11 goblins
  11 hobgoblins
  11 jackals
  10 quokkas
  2 ball pythons (D:1)
  A ball python skeleton (D:5)
  8 bats
  4 giant newts
  A goblin zombie (D:5)
  4 hobgoblin zombies (D:5)
  12 kobolds
  A kobold zombie (D:5)
  An orc skeleton (D:5)
  A quokka zombie (D:2)
  14 rats
464 creatures vanquished.

Vanquished Creatures (others)
  2 fungi
2 creatures vanquished.

Grand Total: 466 creatures vanquished

Notes
Turn   | Place    | Note
--------------------------------------------------------------
     0 | D:1      | Wooh the Ogre Gladiator began the quest for the Orb.
     0 | D:1      | Reached XP level 1. HP: 22/22 MP: 1/1
   348 | D:1      | Reached XP level 2. HP: 32/32 MP: 2/2
   782 | D:1      | Reached XP level 3. HP: 27/40 MP: 3/3
   838 | D:1      | Reached skill level 5 in Fighting
  1300 | D:2      | Reached XP level 4. HP: 45/50 MP: 4/4
  1504 | D:2      | Noticed Sigmund
  1516 | D:2      | Killed Sigmund
  1516 | D:2      | Reached XP level 5. HP: 37/63 MP: 5/5
  1516 | D:2      | Reached XP level 6. HP: 42/72 MP: 6/6
  2066 | D:3      | Found a shadowy altar of Dithmenos.
  2444 | D:4      | Found Zin's Purification Station.
  2445 | D:4      | Found a glowing silver altar of Zin.
  2560 | D:4      | Reached XP level 7. HP: 45/83 MP: 7/7
  2836 | D:4      | Found a blossoming altar of Fedhas.
  2873 | D:4      | Reached skill level 10 in Fighting
  2897 | D:4      | Reached skill level 5 in Maces & Flails
  3367 | D:5      | Entered Level 5 of the Dungeon
  3481 | D:5      | Reached skill level 6 in Maces & Flails
  3547 | D:5      | Reached XP level 8. HP: 87/93 MP: 8/8
  3557 | D:5      | Found a glowing golden altar of the Shining One.
  3568 | D:5      | Became a worshipper of the Shining One
  3658 | D:5      | Reached skill level 7 in Maces & Flails
  3857 | D:5      | Found an opulent altar of Gozag.
  4054 | D:5      | Found a burning altar of Makhleb.
  4172 | D:6      | Found a staircase to the Ecumenical Temple.
  4187 | D:6      | Reached skill level 8 in Maces & Flails
  4274 | D:6      | Found a glowing drain.
  4298 | Sewer    | Entered a sewer
  4464 | Sewer    | Reached skill level 9 in Maces & Flails
  4493 | Sewer    | Found a white marble altar of Elyvilon.
  4542 | Sewer    | Gained mutation: You are partially covered in rugged brown scales (AC +1, +3% HP). [potion of beneficial mutation]
  4543 | Sewer    | Gained mutation: You are partially covered in molten scales (AC +1). [potion of beneficial mutation]
  4607 | D:6      | Noticed Menkaure
  4633 | D:6      | Killed Menkaure
  4649 | D:6      | Reached * piety under the Shining One
  4660 | D:6      | Reached skill level 10 in Maces & Flails
  4672 | Temple   | Entered the Ecumenical Temple
  5154 | D:6      | Reached skill level 11 in Maces & Flails
  5174 | D:6      | Reached XP level 9. HP: 27/104 MP: 9/9
  6179 | D:7      | Reached skill level 12 in Maces & Flails
  6412 | D:7      | Reached skill level 13 in Maces & Flails
  6767 | D:8      | Found a basalt altar of Yredelemnul.
  6888 | D:8      | Reached skill level 14 in Maces & Flails
  7189 | D:8      | Reached XP level 10. HP: 105/113 MP: 10/10
  7357 | D:9      | Found a shimmering altar of Xom.
  7357 | D:9      | Found a snail-covered altar of Cheibriados.
  7361 | D:9      | Reached ** piety under the Shining One
  7370 | D:9      | Reached skill level 15 in Maces & Flails
  7675 | D:9      | Reached skill level 16 in Maces & Flails
  7850 | D:9      | Noticed Prince Ribbit
  7855 | D:9      | Killed Prince Ribbit
  8330 | D:10     | Entered Level 10 of the Dungeon
  8359 | D:9      | Reached skill level 17 in Maces & Flails
  8754 | D:10     | Reached *** piety under the Shining One
  8902 | D:10     | Reached XP level 11. HP: 91/120 MP: 11/11
  8965 | D:10     | Noticed a hill giant
  8975 | D:10     | Killed a hill giant
  8975 | D:10     | Reached skill level 18 in Maces & Flails
  9150 | D:10     | Noticed a hill giant
  9156 | D:10     | Killed a hill giant
  9795 | D:11     | Reached skill level 5 in Dodging
  9886 | D:11     | Noticed Erolcha
  9930 | D:11     | Killed Erolcha
 10056 | D:11     | Found a staircase to the Lair.
 10148 | D:11     | Reached **** piety under the Shining One
 10281 | D:11     | Found a staircase to the Orcish Mines.
 10740 | D:11     | Noticed a brown ugly thing
 10751 | D:11     | Killed a brown ugly thing
 10756 | D:11     | Reached XP level 12. HP: 70/129 MP: 12/12
 11063 | D:11     | Identified the Guide on Confrontation and the Oath
 11449 | Orc:1    | Entered Level 1 of the Orcish Mines
 11531 | Lair:1   | Entered Level 1 of the Lair of Beasts
 11531 | Lair:1   | Noticed a four-headed hydra
 11538 | Lair:1   | Killed a four-headed hydra
 11806 | Lair:1   | Reached skill level 10 in Dodging
 12469 | Lair:1   | Reached skill level 1 in Invocations
 13128 | Lair:2   | Reached skill level 5 in Invocations
 13916 | Lair:2   | Noticed a four-headed hydra
 13923 | Lair:2   | Killed a four-headed hydra
 14430 | Lair:3   | Found a staircase to the Snake Pit.
 14451 | Lair:3   | Gained mutation: Your muscles are strong. (Str +2) [potion of beneficial mutation]
 14482 | Lair:3   | Reached XP level 13. HP: 77/143 MP: 18/18
 15248 | Lair:3   | Reached ***** piety under the Shining One
 15508 | Lair:3   | Found a staircase to the Shoals.
 16353 | Lair:4   | Reached skill level 15 in Fighting
 16900 | Lair:5   | Noticed Rupert
 16914 | Lair:5   | HP: 2/154 [Rupert/great sword of freezing (11)]
 16934 | Lair:5   | HP: 3/154 [porcupine's spines (11)]
 16935 | Lair:5   | Impaled on a porcupine's spines

Skill      XL: |  1  2  3  4  5  6  7  8  9 10 11 12 13 |
---------------+----------------------------------------+-----
Fighting       | 3 4 5 8 9 10 11 15 | 15.5
Maces & Flails | 6 11 14 17 18 | 18.2
Dodging        | 8 10 | 10.3
Invocations    | 7 |  7.0
Throwing       | |  2.0

Action                   |  1- 3 |  4- 6 |  7- 9 | 10-12 | 13-15 || total
-------------------------+-------+-------+-------+-------+-------++-------
Melee: Flail             |   109 |   181 |   368 |       |       ||   658
       Giant club        |       |       |       |   476 |   194 ||   670
       Giant spiked club |       |       |       |    33 |       ||    33
Throw: Throwing net      |       |       |     3 |       |     3 ||     6
       Large rock        |       |       |       |       |     6 ||     6
Invok: Divine Shield     |       |       |       |       |     1 ||     1
       Cleansing Flame   |       |       |       |       |     1 ||     1
Evoke: Wand              |       |       |       |     4 |     4 ||     8
  Use: Scroll            |       |       |     7 |     6 |     5 ||    18
       Potion            |       |       |     5 |     1 |     1 ||     7
 Stab: Distracted        |     1 |       |       |       |       ||     1
  Eat: Chunk             |     1 |     5 |     9 |    18 |     9 ||    42
       Meat ration       |       |       |     1 |     1 |       ||     2
Armor: Robe              |    35 |    55 |   134 |       |       ||   224
       Steam dragon hide |       |       |    20 |    59 |     8 ||    87
Dodge: Dodged            |    52 |    95 |   158 |   318 |   130 ||   753
Block: Other             |       |       |       |       |    18 ||    18
